 Dungeon Crawl Stone Soup version 0.17-a0-1842-gacc33f2 (webtiles) character file.

7557 Horrz the Protected (level 10, -13/94 HPs)
             Began as a Deep Dwarf Fighter on Sept 17, 2015.
             Was an Elder of Okawaru.
             Killed from afar by a fire dragon (35 damage)
             ... with a blast of flame
             ... on level 10 of the Dungeon.
             The game lasted 01:12:56 (8544 turns).

Horrz the Protected (Deep Dwarf Fighter)            Turns: 8544, Time: 01:12:56

Health: -13/94     AC: 22    Str: 26    XL:     10   Next: 96%
Magic:  4/10       EV: 10    Int:  9    God:    Okawaru [****..]
Gold:   531        SH: 14    Dex: 10    Spells: 1 memorised, 11 levels left

rFire  . . .     SeeInvis +     X - +1 hand axe of Remox {venom, rElec MR++ Dex-4 SInv} (curse)
rCold  . . .     Clarity  .     v - +0 plate armour
rNeg   . . .     SustAt   .     c - +0 shield
rPois  .         Gourm    .     y - +1 helmet
rElec  +         Spirit   .     N - +2 cloak
rCorr  .         Warding  .     (no gloves)
rMut   .         Stasis   .     (no boots)
MR     +++..                    (no amulet)
Stlth  ..........               (no ring)
                                j - +5 ring of strength

@: heroism, finesse, non-regenerating, extremely resistant to hostile
enchantments, extremely unstealthy
A: damage resistance, recharge devices, sense surroundings 2, slow healing 3
a: Device Recharging, Heroism, Renounce Religion


You were on level 10 of the Dungeon.
You worshipped Okawaru.
Okawaru was greatly pleased with you.
You were near starving.

You visited 3 branches of the dungeon, and saw 12 of its levels.

You collected 531 gold pieces.

Inventory:

Hand weapons
 a - a +0 war axe
 q - a +0 battleaxe
 G - a +0 dagger of chaos
 O - a +3 quarterstaff of chaos
 P - a +0 spear of venom
 X - the cursed +1 hand axe of Remox (weapon) {venom, rElec MR++ Dex-4 SInv}
   (You found it on level 9 of the Dungeon)

   It poisons the flesh of those it strikes.
   It affects your dexterity (-4).
   It insulates you from electricity.
   It affects your resistance to hostile enchantments.
   It lets you see invisible.
   It has a curse placed upon it.
Armour
 c - a +0 shield (worn)
 v - a +0 plate armour (worn)
 y - a +1 helmet (worn)
 N - a +2 cloak (worn)
Jewellery
 j - a +5 ring of strength (left hand)
 t - an uncursed ring of fire
Magical devices
 e - a wand of heal wounds (0)
 x - a wand of fire (4)
 I - a wand of fireball (1)
Scrolls
 b - a scroll of fear {unknown}
 k - 2 scrolls of recharging {unknown}
 m - 7 scrolls of identify
 o - 3 scrolls of immolation {unknown}
 p - 4 scrolls of random uselessness
 r - a scroll of teleportation
 s - a scroll of acquirement {unknown}
 w - 2 scrolls of noise
 B - 4 scrolls of remove curse
 E - 2 scrolls of amnesia {unknown}
 H - a scroll of blinking {unknown}
 K - 2 scrolls of enchant weapon {unknown}
 M - 2 scrolls of fog {unknown}
 W - a scroll of magic mapping
Potions
 d - 2 potions of might
 h - 4 potions of heal wounds {unknown}
 i - 2 potions of agility
 n - a potion of mutation {unknown}
 u - 3 potions of cure mutation {unknown}
 z - 3 potions of curing {unknown}
 A - 2 potions of brilliance {unknown}
 C - a potion of degeneration {unknown}
 D - 2 potions of haste {unknown}
 Q - a potion of berserk rage {unknown}
 T - a potion of cancellation {unknown}
Books
 F - a book of Debilitation

   Spells                             Type                      Level
   a - Corona                         Hexes                        1
   b - Slow                           Hexes                        2
   c - Gell's Gravitas                Hexes/Translocation          3
   d - Inner Flame                    Hexes/Fire                   3
   e - Cause Fear                     Hexes                        4
   f - Leda's Liquefaction            Hexes/Earth                  4
 L - a book of Spatial Translocations

   Spells                             Type                      Level
   a - Apportation                    Translocation                1
   b - Blink                          Translocation                2
   c - Shroud of Golubria             Charms/Translocation         2
   d - Portal Projectile              Translocation                3
   e - Teleport Other                 Translocation                3
   f - Passage of Golubria            Translocation                4
 S - a book of Unlife

   Spells                             Type                      Level
   a - Recall                         Summoning/Translocation      3
   b - Animate Dead                   Necromancy                   4
   c - Control Undead                 Necromancy                   4
   d - Cigotuvi's Embrace             Necromancy                   5
   e - Death Channel                  Necromancy                   6
   f - Simulacrum                     Ice/Necromancy               6
 U - a book of Power

   Spells                             Type                      Level
   a - Fulminant Prism                Conjuration/Hexes            4
   b - Iskenderun's Mystic Blast      Conjuration                  4
   c - Venom Bolt                     Conjuration/Poison           5
   d - Bolt of Magma                  Conjuration/Fire/Earth       5
   e - Iron Shot                      Conjuration/Earth            6
   f - Orb of Destruction             Conjuration                  7
   g - Spellforged Servitor           Conjuration/Summoning        7
Comestibles
 f - 9 bread rations
 g - 3 meat rations
 l - 8 slices of pizza
 J - 5 beef jerkies
 R - 18 fruits


   Skills:
 + Level 7.5(12.5) Fighting
 - Level 1.0(6.0) Short Blades
 + Level 8.4(13.4) Axes
 + Level 9.2(14.2) Armour
 - Level 2.1(7.1) Dodging
 + Level 8.9(13.9) Shields
 - Level 2.0 Spellcasting
 - Level 3.0 Translocations
 + Level 3.9 Invocations
 - Level 6.0 Evocations


You had 11 spell levels left.
You knew the following spells:

 Your Spells              Type           Power        Failure   Level  Hunger
a - Blink                 Tloc           N/A          93%         2    ###....


Dungeon Overview and Level Annotations

Branches:
Dungeon (10/15)            Temple (1/1) D:4            Lair (1/8) D:9
    Orc (0/4) D:9

Altars:
Ashenzari
Cheibriados
Dithmenos
Elyvilon
Fedhas
Gozag
Kikubaaqudgha
Makhleb
Nemelex Xobeh
Okawaru
Qazlal
Ru
Sif Muna
Trog
Vehumet
Xom
Yredelemnul
Zin
The Shining One

Annotations:
D:5 exclusion: statue


Innate Abilities, Weirdness & Mutations

You are resistant to damage.
You can recharge devices by infusing magical energy.
You passively map the area around you.
You do not heal naturally.


Message History

You barely miss the fire dragon.
The fire dragon is moderately wounded.
You hit the fire dragon but do no damage.
The fire dragon is heavily wounded.
You hit the fire dragon.
The fire dragon is heavily wounded.
The fire dragon bites you but does no damage.
You block the fire dragon's attack.
The fire dragon tramples you but does no damage.
You hit the fire dragon.
The fire dragon is heavily wounded.
You slash the fire dragon!
The fire dragon is severely wounded.
You hit the fire dragon.
The fire dragon is severely wounded.
You hit the fire dragon.
The fire dragon is severely wounded.
The fire dragon breathes flames at you. The blast of flame hits you!
You die...

,, ,
..# **
#.# * *
* #.#
,, ,
#^# * ,
#<# ,
,* #.#
* * , ,
#.# , ,
#.# * ,
#@# ,
,, #D#
, * * *
* ...*
* ,,
..... *
##...##
,...##
#### ,
* * ,*
* *


You could see a fire dragon.

Vanquished Creatures
  An unseen horror (D:9)
  The ghost of Herrn the Chopper, an experienced NaFi (D:5)
  A spiny frog (Lair:1)
  A fire drake (Lair:1)
  A two-headed ogre (D:9)
  A wyvern (D:8)
  Sigmund (D:6)
  A human (D:7)
  The ghost of Dargon the Ruffian, an average DrTm (D:4)
  A deep elf mage (D:8)
  2 hogs (D:7)
  Menkaure (D:4)
  3 ice beasts
  A porcupine (Lair:1)
  2 centaurs
  2 orc warriors
  A sky beast (D:6)
  A necrophage (D:7)
  3 phantoms
  5 ogres
  5 big kobolds
  5 crocodiles
  Blork the orc (D:4)
  5 giant frogs
  2 scorpions
  A wyvern skeleton (D:6)
  9 killer bees
  5 crimson imps
  A quasit (D:6)
  Crazy Yiuf (D:6)
  6 orc priests
  12 hounds
  An iguana (D:8)
  2 giant frog skeletons (D:6)
  A centaur skeleton (D:6)
  9 orc wizards
  5 worker ants
  2 sheep (D:7)
  2 hound skeletons (D:4)
  A hound zombie (D:5)
  13 adders
  A worker ant zombie (D:9)
  4 gnolls (D:8)
  6 river rats
  A shadow imp (D:5)
  An adder zombie (D:5)
  2 adder skeletons
  3 worms
  8 giant geckos
  26 orcs
  5 goblins
  9 hobgoblins
  2 jackals (D:2)
  3 quokkas
  A ball python skeleton (D:5)
  11 bats
  4 giant cockroaches
  6 giant newts
  2 jackal zombies
  31 kobolds
  7 rats
  A fungus (D:9)
254 creatures vanquished.

Vanquished Creatures (others)
  A river rat (Lair:1)
1 creature vanquished.

Grand Total: 255 creatures vanquished

Notes
Turn   | Place    | Note
--------------------------------------------------------------
     0 | D:1      | Horrz the Deep Dwarf Fighter began the quest for the Orb.
     0 | D:1      | Reached XP level 1. HP: 20/20 MP: 1/1
    55 | D:1      | Reached XP level 2. HP: 25/27 MP: 2/2
   376 | D:1      | Reached skill level 1 in Dodging
   444 | D:1      | Reached XP level 3. HP: 24/34 MP: 3/3
   567 | D:2      | Reached skill level 1 in Evocations
   725 | D:2      | Reached XP level 4. HP: 35/42 MP: 5/5
  1236 | D:3      | Reached XP level 5. HP: 21/49 MP: 6/6
  1251 | D:3      | Reached skill level 4 in Armour
  1369 | D:3      | HP: 2/49 [orc priest/divine providence (11)]
  1646 | D:3      | Reached XP level 6. HP: 26/57 MP: 7/7
  1752 | D:4      | Found a staircase to the Ecumenical Temple.
  1771 | Temple   | Entered the Ecumenical Temple
  2087 | Temple   | Became a worshipper of Warmaster Okawaru
  2308 | D:4      | Noticed Blork the orc
  2330 | D:4      | Killed Blork the orc
  2560 | D:4      | Reached XP level 7. HP: 20/64 MP: 8/8
  2595 | D:4      | Noticed Menkaure
  2602 | D:4      | HP: 3/64 [Menkaure (11)]
  2607 | D:4      | Killed Menkaure
  2607 | D:4      | Acquired Okawaru's first power
  2607 | D:4      | Reached skill level 5 in Armour
  2607 | D:4      | Reached skill level 5 in Shields
  2708 | D:4      | Noticed Dargon's ghost (average DrTm)
  2737 | D:4      | Killed Dargon's ghost
  2737 | D:4      | Reached skill level 5 in Axes
  3016 | D:5      | Entered Level 5 of the Dungeon
  3112 | D:5      | Reached XP level 8. HP: 30/73 MP: 8/8
  3204 | D:5      | Found a bloodstained altar of Trog.
  3270 | D:5      | Noticed Herrn's ghost (experienced NaFi)
  3293 | D:5      | Killed Herrn's ghost
  3293 | D:5      | Reached skill level 5 in Fighting
  3293 | D:5      | Reached skill level 6 in Axes
  3856 | D:5      | Found a radiant altar of Vehumet.
  3914 | D:5      | Found a burning altar of Makhleb.
  3918 | D:5      | Found a shimmering altar of Xom.
  4417 | D:6      | Gained mutation: You passively map the area around you. [Deep Dwarf growth]
  4417 | D:6      | Reached XP level 9. HP: 28/82 MP: 9/9
  4454 | D:6      | Noticed Sigmund
  4471 | D:6      | Killed Sigmund
  4471 | D:6      | Reached skill level 7 in Shields
  4485 | D:6      | Learned a level 2 spell: Blink
  4544 | D:6      | Found a white marble altar of Elyvilon.
  4874 | D:6      | Noticed Crazy Yiuf
  4890 | D:6      | Killed Crazy Yiuf
  5160 | D:7      | Reached skill level 1 in Short Blades
  5237 | D:7      | Reached skill level 1 in Translocations
  5699 | D:7      | Reached skill level 5 in Evocations
  5769 | D:7      | Found a blossoming altar of Fedhas.
  5770 | D:7      | Found an ancient bone altar of Kikubaaqudgha.
  6021 | D:7      | Reached skill level 1 in Spellcasting
  6129 | D:8      | Reached XP level 10. HP: 36/92 MP: 12/12
  6312 | D:8      | Acquired Okawaru's second power
  6319 | D:8      | Reached skill level 8 in Shields
  6447 | D:8      | Found a sacrificial altar of Ru.
  6683 | D:8      | Found a glowing silver altar of Zin.
  7060 | D:8      | Reached skill level 1 in Invocations
  7449 | D:9      | Found a staircase to the Orcish Mines.
  7500 | D:9      | Found a staircase to the Lair.
  7518 | Lair:1   | Entered Level 1 of the Lair of Beasts
  7653 | Lair:1   | Received a gift from Okawaru
  7712 | D:9      | Got a crude hand axe
  7715 | D:9      | Identified the cursed +1 hand axe of Remox {venom, rElec MR++ Dex-4 SInv} (You found it on level 9 of the Dungeon)
  7718 | D:9      | Found a deep blue altar of Sif Muna.
  7762 | D:9      | Reached skill level 9 in Armour
  8303 | D:9      | Noticed an unseen horror
  8314 | D:9      | Killed an unseen horror
  8511 | D:10     | Entered Level 10 of the Dungeon
  8512 | D:10     | Noticed a fire dragon
  8523 | D:10     | HP: 3/94 [fire dragon/blast of flame (45)]
  8544 | D:10     | Killed from afar by a fire dragon

Vault maps used:
D:1:      saegor_arrival_simple_f, minivault_14
D:2:      kennysheep_big_flooded_room, first_bread, serial_park_tiny_pond,
          nrook_uturn
D:4:      minmay_temple_entry_glass, serial_glass, glass_columns_b,
          glass_columns_b, glass_columns_a, glass_columns_a, grunt_ministairs_1,
          uniq_blork_the_orc, uniq_menkaure
D:5:      vehumet_statue, grunt_temple_overflow_champion_of_chaos,
          roderic_bipointed_swastika, trog_butcher_becter
D:6:      old_standard_altar, kennysheep_generic_room_8,
          uniq_crazy_yiuf_cottage, uniq_sigmund
D:7:      grunt_temple_overflow_growth_and_decay, grunt_livestock,
          nicolae_sextant
D:8:      kennysheep_housing_project, kennysheep_mini, basic_altar
D:9:      led_sif_book, due_lair_maze_entry_diamond, orc_0_dummy,
          grunt_ministairs_7
Temple:   triangle_lava_temple_11
Lair:1:   beast_lair_carwin_10, lemuel_fruit_fields

Action                   |  1- 3 |  4- 6 |  7- 9 | 10-12 || total
-------------------------+-------+-------+-------+-------++-------
Melee: War axe           |   157 |   254 |   492 |   322 ||  1225
       Hand axe          |       |       |       |    33 ||    33
Invok: Heroism           |       |       |     2 |     6 ||     8
       Finesse           |       |       |       |     1 ||     1
 Abil: Device Recharging |       |       |     2 |     2 ||     4
Evoke: Wand              |     1 |     3 |    10 |    11 ||    25
  Use: Scroll            |       |       |     6 |     2 ||     8
  Eat: Chunk             |       |     6 |    12 |     7 ||    25
       Pizza             |       |       |     1 |       ||     1
